 Dungeon Crawl Stone Soup version 0.31-a0-133-gaae73658be (webtiles) character file.

Game seed: 15791818195775584529

22 xian the Chopper (level 2, 0/37 HPs)
             Began as a Draconian Reaver on June 2, 2023.
             Succumbed to an adder's poison
             ... on level 2 of the Dungeon.
             The game lasted 00:01:42 (848 turns).

xian the Chopper (Draconian Reaver)                  Turns: 848, Time: 00:01:43

Health: 0/37       AC: 21    Str: 14    XL:     2   Next: 68%
Magic:  5/5        EV:  2    Int: 13    God:
Gold:   31         SH:  0    Dex:  9    Spells: 2/5 levels left

rFire   . . .        a - +0 hand axe
rCold   . . .        (no shield)
rNeg    . . .        (body armour unavailable)
rPois   +            (helmet currently unavailable)
rElec   .            (cloak currently unavailable)
rCorr   .            (gloves currently unavailable)
SInv    .            (boots currently unavailable)
Will    .....        (no amulet)
Stlth   +            (no ring)
HPRegen 0.26/turn    (no ring)
MPRegen 0.09/turn

%: no passive effects
@: lethally poisoned (0 -> -4), tree-form
A: stationary, stasis, torment immunity, boosted hp, AC +4, unfitting armour,
(cold-blooded)
a: no special abilities


You were on level 2 of the Dungeon.
You were a tree.
You visited 1 branch of the dungeon, and saw 2 of its levels.

You collected 31 gold pieces.

Inventory:

Hand Weapons
 a - a +0 hand axe (weapon)
Scrolls
 c - a scroll of enchant armour {unknown}
 d - 2 scrolls of identify {unknown}


   Skills:
 + Level 2.3 Fighting
 + Level 3.5 Axes
 + Level 1.9 Dodging
 + Level 2.0 Spellcasting
 + Level 3.2 Conjurations


You had 2 spell levels left.
You knew the following spells:

 Your Spells              Type           Power      Damage    Failure   Level
a - Kiss of Death         Conj/Necr      20%        2d7       13%         1
b - Momentum Strike       Conj/Tloc      10%        3d8       21%         2

Your spell library contained the following spells:

 Spells                   Type           Power      Damage    Failure   Level
 Hailstorm                Conj/Ice       5%         3d4       36%         3


Dungeon Overview and Level Annotations

Branches:
Dungeon (2/15)

Altars:

Annotations:
D:2 Robin, Sigmund


Innate Abilities, Weirdness & Mutations

You are a tree.
Your roots penetrate the ground, keeping you stationary.
You cannot be teleported.
You are immune to unholy pain and torment.
Your maximum health is greatly increased.
Your equipment is partially melded.
((Your plain brown scales are hard. (AC +4)))
You cannot fit into any form of body armour.
((You are cold-blooded and may be slowed by cold attacks.))


Message History

You hit the adder. You hit the hobgoblin. You hit the bat.
You kill the bat!
You closely miss the hobgoblin. You hit the hobgoblin.
The adder closely misses you. The hobgoblin hits you. x2
The bat closely misses you. The adder bites you.
* * * LOW HITPOINT WARNING * * *
You are lethally poisoned!
The adder poisons you!
It was a potion of lignification.
You turn into a tree.
Your roots penetrate the ground.
You feel sick.
The bat hits you but does no damage. x2; The hobgoblin hits you.
* * * LOW HITPOINT WARNING * * *
The hobgoblin hits you.
* * * LOW HITPOINT WARNING * * *
The hobgoblin hits you but does no damage.
Something hits you.
* * * LOW HITPOINT WARNING * * *
Robin hits you but does no damage. The adder bites you but does no damage.
You cannot move.
You aren't carrying any potions.
Okay, then.
You hit the adder but do no damage.
The adder is severely wounded.
You hit the hobgoblin.
You kill the hobgoblin!
You closely miss Robin. You hit the bat but do no damage.
You barely miss the hobgoblin. You hit the hobgoblin.
* * * LOW HITPOINT WARNING * * *
You feel sick. The bat hits you but does no damage. x2
The hobgoblin hits you but does no damage.
Robin roars a battlecry!
The goblins go into a battle-frenzy!
The hobgoblin hits you but does no damage.
Something hits you but does no damage. The adder bites you but does no damage.
You closely miss the adder.
The adder is severely wounded.
You hit the hobgoblin. You barely miss Robin. You hit the bat.
You hit the hobgoblin. x2
You kill the hobgoblin!
You die...

.. .. <. .#
.# #######.#
#...!b#)#
#...gg♣S#
#...g.gg#
#....gS{##
#........#
##.......#
###.......#
#..........#
#..$.......#
#..........#


You could see Robin, 2 adders, 4 hobgoblins, a goblin (strong) and a bat.

Vanquished Creatures
  A giant cockroach (D:1)
  8 goblins
  2 hobgoblins (D:2)
  A kobold (D:1)
  A quokka (D:1)
  A bat (D:2)
  3 frilled lizards
  4 rats
21 creatures vanquished.

Notes
Turn   | Place    | Note
-------+----------+-------------------------------------------
     0 | D:1      | xian the Draconian Reaver began the quest for the Orb.
     0 | D:1      | Reached XP level 1. HP: 17/17 MP: 3/3
   211 | D:1      | Reached XP level 2. HP: 24/24 MP: 5/5
   342 | D:1      | Learned a level 2 spell: Momentum Strike
   831 | D:2      | Noticed Robin
   831 | D:2      | Noticed Sigmund
   847 | D:2      | HP: 1/37 [poisoned by an adder]
   848 | D:2      | Succumbed to an adder's poison

Illustrated notes

Levels and vault maps discovered:
D:1:      dpeg_arrival_water_temple_mockup, layout_basic
D:2:      layout_basic, basic_altar, uniq_robin, uniq_sigmund

Action                     || total
---------------------------++-------
  Melee: Hand axe          ||    40
         Punch             ||     1
    Use: Potion            ||     1
 Armour: Skin              ||    40
  Dodge: Dodged            ||    48

Table legend: (Time is in decaauts)
 A = Elapsed time spent in this place.
 B = Non-inter-level travel time spent in this place.
 C = Inter-level travel time spent in this place.
 D = Time resting spent in this place.
 E = Time spent auto-exploring this place.
 F = Levels seen in this place.
 G = Mean time per level.
                   A        B        C        D        E       F      G
               +--------+--------+--------+--------+--------+-----+--------+
         Total |    852 |    829 |     23 |      0 |    673 |   2 |  426.0 |
       Dungeon |    852 |    829 |     23 |      0 |    673 |   2 |  426.0 |
               +--------+--------+--------+--------+--------+-----+--------+

Top non-repeatable levels by time:
     D:1: 835 daAuts
     D:2: 17 daAuts
